 Dungeon Crawl Stone Soup version 0.20.2-3-g29329e0561 (webtiles) character file.

142 Alfie the Shooter (level 5, -7/45 HPs)
             Began as a Minotaur Hunter on May 14, 2020.
             Mangled by a gnoll
             ... wielding a +0 flail
              (9 damage)
             ... on level 3 of the Dungeon.
             The game lasted 00:06:08 (2242 turns).

Alfie the Shooter (Minotaur Hunter)                 Turns: 2242, Time: 00:06:09

Health: -7/45      AC:  4    Str: 17    XL:     5   Next: 4%
Magic:  4/4        EV: 12    Int:  8    God:
Gold:   97         SH:  0    Dex: 11    Spells: 4/4 levels left

rFire    . . .     SeeInvis .   b - +1 short sword
rCold    . . .     Gourm    .   (no shield)
rNeg     . . .     Faith    .   c - +0 leather armour
rPois    .         Spirit   .   (helmet restricted)
rElec    .         Reflect  .   p - +0 cloak
rCorr    .         Harm     .   (no gloves)
MR       .....                  (no boots)
Stlth    +.........             (no amulet)
Regen    0.2/turn               (no ring)
MPRegen  0.1/turn               (no ring)

@: no status effects
A: retaliatory headbutt, horns 2
a: no special abilities


You were on level 3 of the Dungeon.
You were not hungry.

You visited 1 branch of the dungeon, and saw 3 of its levels.

You collected 97 gold pieces.

Inventory:

Hand Weapons
 a - a +1 shortbow
 b - a +1 short sword (weapon)
Armour
 c - a +0 leather armour (worn)
 p - a +0 cloak (worn)
Jewellery
 g - an uncursed ring of magical power
Wands
 h - a wand of random effects (17/48)
Scrolls
 i - a scroll of amnesia
 j - 3 scrolls of identify
 r - a scroll of enchant armour {unknown}
Potions
 e - a potion of berserk rage {unknown}
 k - 3 potions of curing
 l - 2 potions of mutation {unknown}
 m - a potion of flight {unknown}
 n - 3 potions of lignification {unknown}
 o - a potion of brilliance {unknown}
 q - a potion of degeneration {unknown}
Comestibles
 f - 3 bread rations


   Skills:
 + Level 3.4 Fighting
 + Level 0.7 Short Blades
 + Level 6.0 Bows
 + Level 1.4 Armour
 + Level 2.5 Dodging
 + Level 1.1 Stealth


You had 4 spell levels left.
You didn't know any spells.

Dungeon Overview and Level Annotations

Branches:
Dungeon (3/15)

Altars:
Qazlal


Innate Abilities, Weirdness & Mutations

You reflexively headbutt those who attack you in melee.
You have a pair of horns on your head.


Message History

The orc priest closely misses you. You furiously retaliate!
You headbutt the orc priest!
The gnoll hits you from afar with a spear!
* * * LOW HITPOINT WARNING * * *
An orc comes into view. It is wielding a trident.
It was a potion of curing.
You feel better. The orc priest barely misses you. You furiously retaliate!
You headbutt the orc priest.
You kill the orc priest!
Your Bows skill increases to level 6!
You have reached level 5!
The gnoll hits you from afar with a spear.
* * * LOW HITPOINT WARNING * * *
You feel better. The gnoll completely misses you.
The gnoll hits you with a flail!
* * * LOW HITPOINT WARNING * * *
You hit the gnoll but do no damage.
The gnoll hits you from afar with a spear.
* * * LOW HITPOINT WARNING * * *
The orc barely misses you. The gnoll hits you with a flail!
You die...

## ###.....##....#
#### #####†#####.#
...# #.# #.#
...#######÷### #.#
.............# #.#
....##.....#.###.#
....##........)..# #
...........#.#######
o#
###.##....##....@go#.#
# #.##.<#.##..####g.#
###...........##...##
.####...#####.##...g
.# #...# #.##.#.#g .#
#...# #....$.##l .#
#†..# ##....(. ..
#####...######.# #(.
g. ............... #..
(.


You could see 2 gnolls and an orc.

Vanquished Creatures
  An orc priest (D:3)
  2 gnolls (D:3)
  An adder (D:3)
  An ooze (D:1)
  4 worms
  3 dart slugs (D:1)
  3 leopard geckos (D:2)
  3 orcs (D:3)
  2 giant cockroaches
  7 hobgoblins
  3 jackals (D:1)
  6 bats
  2 frilled lizards
  7 goblins
  7 kobolds
  8 rats
60 creatures vanquished.

Notes
Turn   | Place    | Note
-------+----------+-------------------------------------------
     0 | D:1      | Alfie the Minotaur Hunter began the quest for the Orb.
     0 | D:1      | Reached XP level 1. HP: 18/18 MP: 0/0
   356 | D:1      | Reached XP level 2. HP: 25/25 MP: 1/1
   665 | D:1      | Reached skill level 5 in Bows
   734 | D:1      | Reached skill level 1 in Stealth
  1012 | D:1      | Reached XP level 3. HP: 26/30 MP: 2/2
  1804 | D:2      | Reached skill level 1 in Armour
  1902 | D:3      | Reached XP level 4. HP: 20/38 MP: 3/3
  1963 | D:3      | Found a stormy altar of Qazlal.
  2240 | D:3      | Reached skill level 6 in Bows
  2240 | D:3      | Reached XP level 5. HP: 12/45 MP: 4/4
  2242 | D:3      | HP: 2/45 [gnoll/spear (6)]
  2242 | D:3      | Mangled by a gnoll

Skill      XL: |  1  2  3  4 |
---------------+-------------+-----
Bows           | 5 6 |  6.0
Stealth        | 1 |  1.1
Fighting       | 3 |  3.4
Armour         | 1 |  1.4
Short Blades   | |  0.7
Dodging        | |  2.5

Action                   |  1- 3 |  4- 6 || total
-------------------------+-------+-------++-------
Melee: Short sword       |    37 |    10 ||    47
       Headbutt          |     5 |       ||     5
 Fire: Shortbow          |    76 |    26 ||   102
  Use: Scroll            |     5 |       ||     5
       Potion            |       |     2 ||     2
  Eat: Bread ration      |     1 |       ||     1
       Royal jelly       |     1 |       ||     1
Armor: Leather armour    |    14 |     1 ||    15
Dodge: Dodged            |    50 |    10 ||    60
